 Dungeon Crawl Stone Soup version 0.29.0-13-gc9e81de378 (webtiles) character file.

Game seed: 6844344669632051270

338 groovy9 the Cleaver (level 6, -1/51 HPs)
             Began as a Minotaur Berserker on Sept 9, 2022.
             Was a Believer of Trog.
             Slain by an orc
             ... wielding a +0 trident
              (7 damage)
             ... on level 3 of the Dungeon.
             The game lasted 00:08:30 (3135 turns).

groovy9 the Cleaver (Minotaur Berserker)            Turns: 3135, Time: 00:08:30

Health: -1/51      AC: 11    Str: 21 (23) XL:     6   Next: 29%
Magic:  5/5        EV:  6    Int:  3 (4)  God:    Trog [**....]
Gold:   136        SH:  0    Dex:  9 (10) Spells: 5/5 levels left

rFire   . . .      SeeInvis .   a - +0 hand axe
rCold   . . .      Faith    .   (no shield)
rNeg    . . .      Spirit   .   j - +0 plate armour
rPois   .          Reflect  .   (helmet restricted)
rElec   .          Harm     .   (no cloak)
rCorr   .          Rampage  .   (no gloves)
Will    .....                   (no boots)
Stlth   ..........              (no amulet)
HPRegen 0.17/turn               (no ring)
MPRegen 0.09/turn               (no ring)

@: on berserk cooldown, slowed, very slow
A: horns 2, retaliatory headbutt
a: Renounce Religion, Berserk, Trog's Hand


You were on level 3 of the Dungeon.
You worshipped Trog.
Trog was pleased with you.
You visited 1 branch of the dungeon, and saw 3 of its levels.

You collected 136 gold pieces.

Inventory:

Hand Weapons
 a - a +0 hand axe (weapon)
Missiles
 b - 41 stones (quivered)
Armour
 g - a +2 scale mail of poison resistance
 j - a +0 plate armour (worn)
Jewellery
 f - a ring of resist corrosion
Scrolls
 c - a scroll of identify
 e - a scroll of poison


   Skills:
 - Level 3.6 Fighting
 + Level 8.6 Axes
 - Level 2.4 Armour
 - Level 2.1 Dodging


You had 5 spell levels left.
You didn't know any spells.
Your spell library was empty.

Dungeon Overview and Level Annotations

Branches:
Dungeon (3/15)

Altars:
Zin

Annotations:
D:3 nickcage's ghost, weakling DEIE


Innate Abilities, Weirdness & Mutations

You have a pair of horns on your head.
You reflexively headbutt those who attack you in melee.


Message History

You hit the orc.
You kill the orc!
Trog accepts your kill.
You feel much better. Nickcage's ghost freezes you.
You are frozen.
The orc hits you from afar with a +0 trident.
Nickcage's ghost closely misses you. You furiously retaliate!
You headbutt nickcage's ghost. The orc closely misses you.
Read: 2 scrolls of poison
Press: ? - help, Q - select action, (/) - cycle Dir - look around, f - activate Look: nickcage's ghost (moderately damaged)
The air fills with toxic fumes!
As you read the scroll of poison, it crumbles to dust.
Nickcage's ghost hits you but does no damage.
The orc hits you but does no damage.
You hit nickcage's ghost.
Nickcage's ghost is moderately damaged.
Nickcage's ghost barely misses you.
The orc hits you from afar with a +0 trident.
You hit nickcage's ghost. Your headbutt misses nickcage's ghost.
Nickcage's ghost is moderately damaged.
Nickcage's ghost wails.
Nickcage's ghost freezes you.
You are frozen!
The orc hits you but does no damage. Nickcage's ghost freezes you.
You are frozen!
The orc hits you from afar with a +0 trident.
* * * LOW HITPOINT WARNING * * *
You closely miss nickcage's ghost.
Nickcage's ghost is moderately damaged.
Nickcage's ghost freezes you.
You are frozen.
* * * LOW HITPOINT WARNING * * *
The orc hits you but does no damage.
You barely miss nickcage's ghost. You headbutt nickcage's ghost!
Nickcage's ghost is almost destroyed.
Nickcage's ghost hits you but does no damage.
The orc hits you from afar with a +0 trident!
You die...

[$..#.'..'........#
....#.#..#.....[..#
..##..#.........#.#
..8#..#..o#####.#.#
..##..#...#..<#.#÷#
8.....#...#.###.#.#
#######8..#.....#.#
###§#######§#
#ooW@§§§§§#
###########


You could see nickcage's ghost and 2 orcs.

Vanquished Creatures
  Sigmund (D:2)
  Terence (D:2)
  An orc wizard (D:3)
  4 adders
  2 worms (D:2)
  3 dart slugs
  9 orcs
  5 ball pythons
  2 bats
  4 endoplasms
  5 goblins
  8 hobgoblins
  6 jackals
  4 kobolds
  3 frilled lizards (D:2)
  A rat (D:2)
59 creatures vanquished.

Notes
Turn   | Place    | Note
-------+----------+-------------------------------------------
     0 | D:1      | groovy9 the Minotaur Berserker began the quest for the Orb.
     0 | D:1      | Reached XP level 1. HP: 19/19 MP: 0/0
   150 | D:1      | Reached skill level 4 in Axes
   213 | D:1      | Reached XP level 2. HP: 23/26 MP: 1/1
  1070 | D:2      | Reached skill level 5 in Axes
  1171 | D:2      | Reached XP level 3. HP: 31/31 MP: 2/2
  1207 | D:2      | Noticed Terence
  1216 | D:2      | Killed Terence
  1402 | D:2      | Reached ** piety under Trog
  1482 | D:2      | Found a glowing silver altar of Zin.
  1517 | D:2      | Reached skill level 6 in Axes
  1517 | D:2      | Reached XP level 4. HP: 28/39 MP: 3/3
  1788 | D:2      | Noticed Sigmund
  1800 | D:2      | Killed Sigmund
  1801 | D:2      | Reached skill level 8 in Axes
  1801 | D:2      | Reached XP level 5. HP: 45/45 MP: 4/4
  2235 | D:2      | Identified the +0 robe of Nemelex Xobeh's Envy {rN+ Will-
                  | Str+3 Archmagi}
  2253 | D:2      | Found a faded altar of an unknown god.
  2425 | D:3      | Reached XP level 6. HP: 51/51 MP: 5/5
  2572 | D:3      | Found a runed translucent gate.
  2572 | D:3      | Noticed nickcage's ghost (weakling DEIE)
  2573 | D:3      | Found a runed translucent gate.
  2573 | D:3      | Identified the +7 short sword of Ru's Pride {flame, rC+
                  | Int+2}
  2573 | D:3      | Identified the +8 chain mail of Birdsong {Harm rF+ rC+}
  2574 | D:3      | Found a runed translucent gate.
  3135 | D:3      | Slain by an orc

Illustrated notes

Levels and vault maps discovered:
D:1:      shiori_arrival_maze, layout_loops_ring
D:2:      layout_loops_ring, basic_altar, nicolae_ecumenical_snake_handling,
          uniq_terence, uniq_sigmund
D:3:      layout_basic, biasface_ghost_orc_armoury, grunt_ministairs_3,
          minmay_misc_feat_columns

Skill      XL: |  1  2  3  4 |
---------------+-------------+-----
Axes           | 4 5 6 8 |  8.6
Fighting       | |  3.6
Armour         | |  2.4
Dodging        | |  2.1

Action                   |  1- 3 |  4- 6 || total
-------------------------+-------+-------++-------
Melee: Hand axe          |    59 |   118 ||   177
       Headbutt          |     6 |    19 ||    25
       Punch             |     2 |       ||     2
Throw: Stone             |       |     1 ||     1
Invok: Berserk           |     1 |     2 ||     3
       Trog's Hand       |       |     2 ||     2
  Use: Scroll            |     3 |     4 ||     7
       Potion            |       |     4 ||     4
Armor: Animal skin       |     1 |       ||     1
       Scale mail        |    10 |       ||    10
       Plate armour      |       |    48 ||    48
Dodge: Dodged            |    27 |    41 ||    68
